 Dungeon Crawl Stone Soup version 0.28-a0-691-gad6df49e81 (webtiles) character file.

Game seed: 11424327131883651456

64 BlueGoblin the Slasher (level 4, -2/33 HPs)
             Began as an Octopode Monk on Oct 21, 2021.
             Slain by an orc (10 damage)
             ... on level 3 of the Dungeon.
             The game lasted 00:02:09 (1305 turns).

BlueGoblin the Slasher (Octopode Monk)              Turns: 1305, Time: 00:02:10

Health: -2/33      AC:  1    Str: 10    XL:     4   Next: 12%
Magic:  4/4        EV: 18    Int: 12    God:
Gold:   54         SH:  0    Dex: 15    Spells: 3/3 levels left

rFire   . . .      SeeInvis .   a - +0 falchion
rCold   . . .      Faith    .   (no shield)
rNeg    . . .      Spirit   .   (helmet restricted)
rPois   .          Reflect  .   (no amulet)
rElec   .          Harm     .   b - +4 ring of evasion
rCorr   .          Rampage  .   (no ring)
Will    .....                   (no ring)
Stlth   ++........              (no ring)
HPRegen 0.11/turn               (no ring)
MPRegen 0.09/turn               (no ring)
                                (no ring)
                                (no ring)

@: confused
A: almost no armour, amphibious, 8 rings, camouflage 1, gelatinous body 1,
(nimble swimmer 1), tentacles
a: no special abilities


You were on level 3 of the Dungeon.
You visited 1 branch of the dungeon, and saw 3 of its levels.

You collected 54 gold pieces.

Inventory:

Hand Weapons
 a - a +0 falchion (weapon)
Jewellery
 b - a +4 ring of evasion (left tentacle)
Wands
 j - a wand of charming (8)
Scrolls
 c - 2 scrolls of immolation {unknown}
 d - a scroll of identify {unknown}
 h - a scroll of teleportation {unknown}
Potions
 e - a potion of curing {unknown}
 f - a potion of cancellation {unknown}
 g - a potion of flight {unknown}
 i - a potion of lignification {unknown}


   Skills:
 + Level 3.8 Fighting
 + Level 4.2 Long Blades
 - Level 3.0 Dodging
 - Level 2.6 Stealth


You had 3 spell levels left.
You didn't know any spells.
Your spell library contained the following spells:

 Spells                   Type           Power      Damage    Failure   Level
 Corpse Rot               Necr/Air       0%         N/A       45%         2
 Dispel Undead            Necr           0%         3d6       97%         4
 Death Channel            Necr           0%         N/A       100%        6


Dungeon Overview and Level Annotations

Branches:
Dungeon (2/15)

Altars:


Innate Abilities, Weirdness & Mutations

You cannot wear most types of armour.
You are amphibious.
You can wear up to eight rings at the same time.
Your skin changes colour to match your surroundings (Stealth+).
Your rubbery body absorbs attacks. (AC +1, EV +1)
((You are camouflaged near water. (Stealth+)))
You have tentacles for arms and can constrict up to eight enemies at once.


Message History

You hit the orc but do no damage. Your grab misses the orc.
You squeeze the orc, but do no damage.
An orc comes into view. It is wielding a +0 dagger.
Something closely misses you.
You hit the orc. Your grab misses the orc.
The orc is heavily wounded.
The orc misses you.
You hear some strange, mumbled words.
You are confused.
The orc hits you with a +0 dagger. The orc misses you.
You are too confused!
You miss something. The orc barely misses you. Something barely misses you.
The orc completely misses you. The orc hits you with a +0 dagger.
You hit something. The orc closely misses you.
The orc hits you with a +0 dagger. The orc completely misses you.
You barely miss the orc. The orc hits you with a +0 dagger. Something hits you.
The orc hits you with a +0 whip. The orc hits you with a +0 dagger.
The orc hits you with a +0 flail.
You miss something. The orc hits you with a +0 dagger.
Something barely misses you. The orc hits you with a +0 whip.
The orc misses you. The orc closely misses you.
You barely miss the orc. You squeeze the orc!
You kill the orc!
The orc misses you. Something closely misses you. The orc closely misses you.
The orc completely misses you.
You hear some strange, mumbled words.
You are more confused.
The orc barely misses you.
You see here a +0 dagger.
Found a scroll labelled ODWIACV XYHATT.
You bump into the rock wall.
You are too confused!
Okay, then.
You bump into the rock wall.
You hear some strange, mumbled words.
A puff of flame appears from out of thin air!
The puff of flame hits you.
* * * LOW HITPOINT WARNING * * *
The orc hits you with a +0 flail!
You die...

## ..#
####.##
#.....#
#.##..#
#.##..#
#.#w..#
#@{o..#
#oo...#
#..##.#
#... .#
##...##
.....
...?..
.#..##.#
.#w


You could see a worm and 3 orcs.

Vanquished Creatures
  A gnoll (D:1)
  2 adders (D:2)
  3 dart slugs
  An orc (D:3)
  3 endoplasms
  A giant cockroach (D:1)
  A goblin (D:1)
  3 hobgoblins
  2 jackals (D:1)
  A kobold (D:1)
  A quokka (D:2)
  3 ball pythons
  2 frilled lizards (D:1)
  7 rats
31 creatures vanquished.

Notes
Turn   | Place    | Note
-------+----------+-------------------------------------------
     0 | D:1      | BlueGoblin the Octopode Monk began the quest for the Orb.
     0 | D:1      | Reached XP level 1. HP: 16/16 MP: 1/1
   155 | D:1      | Reached XP level 2. HP: 21/21 MP: 2/2
   394 | D:1      | Found a faded altar of an unknown god.
   451 | D:1      | Reached XP level 3. HP: 20/26 MP: 3/3
  1165 | D:2      | Reached skill level 4 in Long Blades
  1230 | D:2      | Reached XP level 4. HP: 30/33 MP: 4/4
  1290 | D:2      | You fall into a shaft and drop 1 floor!
  1305 | D:3      | Slain by an orc

Illustrated notes

Levels and vault maps discovered:
D:1:      minmay_arrival_doors, layout_rooms,
          shapermc_ecumenical_altar_starsandcircs
D:2:      layout_loops_ring, minmay_pentomino_o4
D:3:      layout_loops_corners

Skill      XL: |  1  2  3 |
---------------+----------+-----
Long Blades    | 4 |  4.2
Fighting       | |  3.8
Dodging        | |  3.0
Stealth        | |  2.6

Action                   |  1- 3 |  4- 6 || total
-------------------------+-------+-------++-------
Melee: Falchion          |    60 |     9 ||    69
       Constrict         |    15 |       ||    15
       Tentacles         |    14 |     2 ||    16
 Stab: Sleeping          |     9 |     1 ||    10
       Distracted        |     1 |       ||     1
Armor: Skin              |     1 |       ||     1
Dodge: Dodged            |    37 |    16 ||    53

Table legend: (Time is in decaauts)
 A = Elapsed time spent in this place.
 B = Non-inter-level travel time spent in this place.
 C = Inter-level travel time spent in this place.
 D = Time resting spent in this place.
 E = Time spent auto-exploring this place.
 F = Levels seen in this place.
 G = Mean time per level.
                   A        B        C        D        E       F      G
               +--------+--------+--------+--------+--------+-----+--------+
         Total |   1312 |   1279 |     33 |    244 |    798 |   3 |  437.3 |
       Dungeon |   1312 |   1279 |     33 |    244 |    798 |   3 |  437.3 |
               +--------+--------+--------+--------+--------+-----+--------+

Top non-repeatable levels by time:
     D:1: 1022 daAuts
     D:2: 273 daAuts
     D:3: 15 daAuts
